 Dungeon Crawl Stone Soup version 0.18.1-48-g4cf74bf (webtiles) character file.

43 Inkary the Skirmisher (level 3, 0/33 HPs)
             Began as a Draconian Fighter on July 31, 2016.
             Was an Initiate of Cheibriados.
             Slain by a gnoll
             ... wielding a +0 spear
              (2 damage)
             ... on level 2 of the Dungeon.
             The game lasted 00:02:17 (625 turns).

Inkary the Skirmisher (Draconian Fighter)            Turns: 625, Time: 00:02:18

Health: 0/33       AC:  5    Str: 24    XL:     3   Next: 37%
Magic:  1/3        EV: 10    Int:  9    God:    Cheibriados [......]
Gold:   109        SH:  9    Dex: 12    Spells: 0 memorised, 2 levels left

rFire  + . .     SeeInvis .     a - +0 flail
rCold  + . .     Gourm    .     (armour unavailable)
rNeg   . . .     Faith    .     b - +0 shield
rPois  +         Spirit   .     (helmet restricted)
rElec  +         Dismiss  .     (no cloak)
rCorr  +         Reflect  .     (no gloves)
SustAt .         Harm     .     (no boots)
MR     .....                    (no amulet)
Stlth  +.........               (no ring)
                                (no ring)

@: mighty, resistant, very slow, not resistant to hostile enchantments, very
unstealthy
A: unfitting armour, cold-blooded, AC +5
a: Bend Time, Renounce Religion


You were on level 2 of the Dungeon.
You worshipped Cheibriados.
Cheibriados was noncommittal.
You were not hungry.

You visited 1 branch of the dungeon, and saw 2 of its levels.

You collected 109 gold pieces.

Inventory:

Hand Weapons
 a - a +0 flail (weapon)
Armour
 b - a +0 shield (worn)
Jewellery
 j - a +5 ring of evasion {unknown}
 q - a cursed -3 ring of strength {unknown}
 r - a cursed ring of loudness {unknown}
Scrolls
 i - a scroll of recharging {unknown}
 k - a scroll of amnesia {unknown}
 l - a scroll of identify {unknown}
 m - a scroll of magic mapping {unknown}
 n - a scroll of noise {unknown}
 p - a scroll of immolation {unknown}
 s - a scroll of remove curse {unknown}
Potions
 e - a potion of resistance
 o - a potion of flight {unknown}
Comestibles
 d - a bread ration
 f - a chunk of flesh
 g - a beef jerky
 h - 4 fruits


   Skills:
 + Level 3.8 Fighting
 + Level 2.3 Maces & Flails
 + Level 3.1 Dodging
 + Level 3.4 Shields


You had 2 spell levels left.
You didn't know any spells.

Dungeon Overview and Level Annotations

Branches:
Dungeon (2/15)

Altars:
Cheibriados


Innate Abilities, Weirdness & Mutations

Your plain brown scales are hard (AC +5).
Your body does not fit into most forms of armour.
You are cold-blooded and may be slowed by cold attacks.


Message History

You are too injured to fight recklessly!
You are too injured to fight recklessly!
Drink which item? (? for menu, Esc to quit)
It was a potion of resistance.
You feel protected. You block the gnoll's attack. The gnoll barely misses you.
Drink which item? (? for menu, Esc to quit)
You feel very mighty all of a sudden.
The gnoll hits you from afar with a spear!
* * * LOW HITPOINT WARNING * * *
You sock the gnoll!
The gnoll is severely wounded.
The gnoll barely misses you. You block the gnoll's attack. x2
You sock the gnoll!
You kill the gnoll!
Cheibriados appreciates the change of pace.
You block the gnoll's attack.
Unknown command.
The gnoll hits you with a spear.
You die...

#..# #.#.##.# #..#
#....#.# #..###
###..#.# ###....#
### # #..#.#
....##.#
#.).###..#.#
.#####.#
#..........# .#
##.###...###.####
.# ##...#.....##.#
.###..#.......##@#
....<###.......gg#
####..#.......##.#
##...#.....##.#
##.####.####.#
#####.# #.# #.#
#.....# # # #.#
#.########. #.#
##.......... .#


You could see 2 gnolls.

Vanquished Creatures
  A gnoll (D:2)
  An adder (D:2)
  A dart slug (D:1)
  A giant gecko (D:1)
  3 bats
  A giant cockroach (D:1)
  A goblin (D:1)
  4 hobgoblins
  A giant newt (D:1)
  6 kobolds
  A rat (D:1)
21 creatures vanquished.

Notes
Turn   | Place    | Note
--------------------------------------------------------------
     0 | D:1      | Inkary the Draconian Fighter began the quest for the Orb.
     0 | D:1      | Reached XP level 1. HP: 19/19 MP: 1/1
   170 | D:1      | Found a snail-covered altar of Cheibriados.
   189 | D:1      | Reached XP level 2. HP: 19/26 MP: 2/2
   250 | D:1      | Became a worshipper of Cheibriados the Contemplative
   546 | D:2      | Reached XP level 3. HP: 17/33 MP: 3/3
   621 | D:2      | HP: 1/33 [gnoll/spear (7)]
   625 | D:2      | Slain by a gnoll

Skill      XL: |  1  2 |
---------------+-------+-----
Dodging        | 3 |  3.1
Fighting       | |  3.8
Maces & Flails | |  2.3
Shields        | |  3.4

Action                   || total
-------------------------++-------
Melee: Flail             ||    71
       Tailslap          ||     7
Invok: Bend Time         ||     1
  Use: Potion            ||     2
 Stab: Sleeping          ||     3
Armor: Skin              ||     9
Dodge: Dodged            ||    49
Block: Shield            ||    35
